 Dungeon Crawl Stone Soup version 0.17-a0-854-g4a4ba72 (webtiles) character file.

145 namelastname112 the Bolt Thrower (level 5, -2/46 HPs)
             Began as a Draconian Hunter on Apr 28, 2015.
             Slain by Purgy (7 damage)
             ... on level 3 of the Dungeon.
             The game lasted 00:05:30 (2542 turns).

namelastname112 the Bolt Thrower (Draconian Hunter) Turns: 2542, Time: 00:05:30

Health: -2/46      AC:  7    Str: 14      XL:     5   Next: 6%
Magic:  5/5        EV: 12    Int:  8 (12) God:
Gold:   131        SH:  0    Dex: 12      Spells: 0 memorised, 4 levels left

rFire  . . .     SeeInvis .     b - +1 hand crossbow
rCold  . . .     Clarity  .     (armour unavailable)
rNeg   . . .     SustAb   .     (no shield)
rPois  .         Gourm    .     (helmet restricted)
rElec  .         Spirit   .     (no cloak)
rCorr  .         Warding  .     (no gloves)
rMut   .         Stasis   .     (no boots)
MR     .....                    t - amulet of rage
Stlth  +.........               (no ring)
                                h - +2 ring of protection

@: not resistant to hostile enchantments, very unstealthy
A: unfitting armour, cold-blooded, AC +5
a: Evoke Berserk Rage


You were on level 3 of the Dungeon.
You were not hungry.

You visited 1 branch of the dungeon, and saw 3 of its levels.

You collected 131 gold pieces.

Inventory:

Hand weapons
 b - a +1 hand crossbow (weapon)
 x - a +0 dagger of venom
Missiles
 c - 2 bolts (quivered)
Jewellery
 h - a +2 ring of protection (left hand)
 r - an uncursed amulet of resist corrosion
 t - an amulet of rage (around neck)
Magical devices
 a - a wand of magic darts (28)
 y - a wand of digging (11)
Scrolls
 e - 2 scrolls of magic mapping {unknown}
 f - 6 scrolls of identify {unknown}
 l - a scroll of remove curse {unknown}
 m - a scroll of immolation {unknown}
 n - a scroll of amnesia {unknown}
 s - a scroll of blinking {unknown}
 u - a scroll of random uselessness {unknown}
 w - a scroll of recharging {unknown}
 A - a scroll of fear {unknown}
 B - a scroll of noise {unknown}
Comestibles
 d - 2 bread rations
 g - 9 fruits
 j - 2 slices of pizza
 k - a beef jerky
 z - a meat ration


   Skills:
 + Level 3.7 Fighting
 * Level 4.8 Crossbows
 + Level 2.5 Dodging
 - Level 0.8 Stealth


You had 4 spell levels left.
You didn't know any spells.

Dungeon Overview and Level Annotations

Branches:
Dungeon (3/15)

Altars:
Qazlal
Ru
Trog
The Shining One

Annotations:
D:3 Purgy


Innate Abilities, Weirdness & Mutations

Your plain brown scales are hard (AC +5).
Your body does not fit into most forms of armour.
You are cold-blooded and may be slowed by cold attacks.


Message History

Press: ? - help, Shift-Dir - straight line, f/p - Purgy
Aim: Purgy (moderately wounded)
You shoot a bolt. The bolt hits Purgy.
Purgy is heavily wounded.
Purgy bites you.
* * * LOW HITPOINT WARNING * * *
Purgy claws you but does no damage. Purgy closely misses you.
Unknown command.
Drink which item? (? for menu, Esc to quit)
It was a potion of degeneration.
There was something very wrong with that liquid.
You feel dopey. Purgy bites you.
* * * LOW HITPOINT WARNING * * *
Purgy claws you.
* * * LOW HITPOINT WARNING * * *
Purgy closely misses you.
Drink which item? (? for menu, Esc to quit)
It was a potion of magic.
Magic courses through your body. Purgy bites you!
You die...

#...# #### ##..###...#
#######K........# #.#
#......r(###....# ...
...#Tr...# #....# # ..#
#.#######....# ##? ..
###w# ##...>.# .... #.
#...#####.(#####
#..#.##.####.T@.##
#....)÷.((((.†########
#...###...((.......).).#
..## #..#.#############
...# #..#.# ...# ##....#
..####...#.###
...##..#.#...##
##............##


You could see Purgy.

Vanquished Creatures
  Robin (D:3)
  4 adders (D:2)
  2 worms
  3 giant geckos
  9 bats
  5 giant cockroaches
  9 hobgoblins
  9 jackals
  7 kobolds
  2 quokkas
  2 ball pythons (D:2)
  5 giant newts
  17 goblins
  14 rats
89 creatures vanquished.

Notes
Turn   | Place    | Note
--------------------------------------------------------------
     0 | D:1      | namelastname112, the Draconian Hunter, began the quest for the Orb.
     0 | D:1      | Reached XP level 1. HP: 17/17 MP: 1/1
   191 | D:1      | Reached XP level 2. HP: 13/25 MP: 2/2
   934 | D:2      | Reached XP level 3. HP: 26/31 MP: 3/3
   945 | D:2      | Reached skill level 4 in Crossbows
  1516 | D:2      | Reached XP level 4. HP: 33/38 MP: 4/4
  1570 | D:2      | Found a sacrificial altar of Ru.
  1573 | D:2      | Found a glowing golden altar of the Shining One.
  1576 | D:2      | Found a stormy altar of Qazlal.
  1579 | D:2      | Found a bloodstained altar of Trog.
  2144 | D:3      | Found a glowing golden altar of the Shining One.
  2275 | D:3      | Noticed Robin
  2338 | D:3      | Killed Robin
  2338 | D:3      | Reached XP level 5. HP: 6/46 MP: 5/5
  2451 | D:3      | Noticed Purgy
  2542 | D:3      | Slain by Purgy

Action                   |  1- 3 |  4- 6 || total
-------------------------+-------+-------++-------
Melee: Short sword       |   189 |    49 ||   238
       Dagger            |       |    84 ||    84
       Long sword        |       |    30 ||    30
 Fire: Hand crossbow     |     7 |    19 ||    26
  Use: Potion            |     1 |     5 ||     6
 Stab: Sleeping          |       |     1 ||     1
  Eat: Chunk             |     2 |     4 ||     6
